 Dungeon Crawl Stone Soup version 0.30-a0-1157-g2cc9ac7196 (webtiles) character file.

Game seed: 5007483385824114914

1439 retardedninja the Firebug (level 8, 0/60 HPs)
             Began as a Gnoll Fire Elementalist on Apr 24, 2023.
             Was a Follower of Cheibriados.
             Succumbed to a water moccasin's poison
             ... on level 7 of the Dungeon.
             The game lasted 00:11:13 (7717 turns).

retardedninja the Firebug (Gnoll Fire Elementalist) Turns: 7717, Time: 00:11:15

Health: 0/60       AC:  7    Str: 10    XL:     8   Next: 74%
Magic:  6/17       EV: 14    Int: 18    God:    Cheibriados [*.....]
Gold:   349        SH:  0    Dex: 15    Spells: 9/19 levels left

rFire   . . .        a - +0 war axe
rCold   . . .        (no shield)
rNeg    + . .        p - +2 robe {rN+}
rPois   .            v - +0 helmet
rElec   .            t - +0 cloak
rCorr   .            (no gloves)
SInv    .            k - +0 pair of boots
Will    .....        (no amulet)
Stlth   +++          n - ring of flight
HPRegen 0.30/turn    (no ring)
MPRegen 0.15/turn

%: no passive effects
@: lethally poisoned (0 -> -8), flying, very slow
A: fangs 1, strong nose, distributed training
a: Renounce Religion, Bend Time


You were on level 7 of the Dungeon.
You worshipped Cheibriados.
Cheibriados was aware of your devotion.
You visited 2 branches of the dungeon, and saw 8 of its levels.

You collected 349 gold pieces.

Inventory:

Hand Weapons
 a - a +0 war axe (weapon)
Armour
 k - a +0 pair of boots (worn)
 p - a +2 robe of positive energy (worn)
 t - a +0 cloak (worn)
 v - a +0 helmet (worn)
 w - a +2 cloak
Jewellery
 n - a ring of flight (left hand)
Wands
 r - a wand of roots (2)
 B - a wand of polymorph (3)
Scrolls
 f - a scroll of poison {unknown}
 g - 4 scrolls of teleportation
 h - a scroll of vulnerability
 j - a scroll of brand weapon {unknown}
 l - a scroll of blinking {unknown}
 m - a scroll of amnesia
 u - a scroll of silence {unknown}
 y - 3 scrolls of fog {unknown}
 A - a scroll of identify
 C - a scroll of immolation {unknown}
Potions
 b - 2 potions of magic
 d - a potion of curing {unknown}
 e - 3 potions of berserk rage
 i - a potion of ambrosia
 o - a potion of brilliance
 q - a potion of cancellation
 s - a potion of resistance
 x - a potion of degeneration {unknown}


   Skills:
 + Level 3.6 Fighting
 + Level 3.6 Short Blades
 + Level 3.6 Long Blades
 + Level 3.6 Axes
 + Level 3.6 Maces & Flails
 + Level 3.6 Polearms
 + Level 3.6 Staves
 + Level 3.6 Ranged Weapons
 + Level 3.6 Throwing
 + Level 3.6 Armour
 + Level 5.9 Dodging
 + Level 5.6 Stealth
 + Level 3.6 Shields
 + Level 3.6 Unarmed Combat
 + Level 6.2 Spellcasting
 + Level 3.7 Conjurations
 + Level 3.0 Hexes
 + Level 3.0 Summonings
 + Level 3.0 Necromancy
 + Level 3.0 Translocations
 + Level 3.0 Transmutations
 + Level 6.3 Fire Magic
 + Level 3.0 Ice Magic
 + Level 3.0 Air Magic
 + Level 3.0 Earth Magic
 + Level 3.0 Poison Magic
 + Level 4.0 Invocations
 + Level 3.6 Evocations


You had 9 spell levels left.
You knew the following spells:

 Your Spells              Type           Power      Damage    Failure   Level
a - Foxfire               Conj/Fire      92%        2x1d8     1%          1
b - Scorch                Fire           56%        2d7       1%          2
c - Flame Wave            Conj/Fire      23%        2d8       14%         4
d - Inner Flame           Hex/Fire       22%        N/A       5%          3

Your spell library contained the following spells:

 Spells                   Type           Power      Damage    Failure   Level
 Poisonous Vapours        Pois/Air       32%        N/A       4%          2
 Volatile Blastmotes      Fire/Tloc      44%        2d13      5%          3
 Mephitic Cloud           Conj/Pois/Air  17%        N/A       9%          3
 Fulminant Prism          Conj/Hex       8%         3d6       28%         4
 Iskenderun's Mystic Bla  Conj/Tloc      17%        2d5       28%         4
 Freezing Cloud           Conj/Ice/Air   8%         6-21      63%         5
 Lee's Rapid Deconstruct  Erth           8%         3d7*      67%         5


Dungeon Overview and Level Annotations

Branches:
Dungeon (7/15)             Temple (1/1) D:5

Altars:
Ashenzari
Cheibriados
Dithmenos
Elyvilon
Fedhas
Hepliaklqana
Kikubaaqudgha
Makhleb
Okawaru
Qazlal
Ru
Trog
Uskayaw
Vehumet
Wu Jian
Xom
Yredelemnul
Zin
The Shining One

Shops:
D:1 (   D:5 ?


Innate Abilities, Weirdness & Mutations

You have very sharp teeth.
Your uncanny sense of smell can sniff out nearby items.
Your experience applies equally to all skills.


Message History

Your Invocations skill increases to level 4!
A water moccasin comes into view.
You hit the brown ugly thing.
The brown ugly thing is severely wounded.
You hit the water moccasin. The water moccasin barely misses you.
The brown ugly thing closely misses you.
The water moccasin bites you.
You are poisoned.
The water moccasin poisons you!
Casting: Flame Wave (dangerous; 14% risk of failure)
Confirm with . or Enter, or press ? or * to list all spells.
Casting: Flame Wave (dangerous; 14% risk of failure)
Press: ? - help, Dir - look around, f - activate A wave of flame ripples out!
The flame wave engulfs the brown ugly thing.
The brown ugly thing is almost dead.
The flame wave engulfs the water moccasin!
The water moccasin is moderately wounded. (Press . to intensify the flame waves.)
You feel very sick. The water moccasin closely misses you.
The brown ugly thing barely misses you.
Unknown command.
A wave of flame ripples out!
The flame wave engulfs the brown ugly thing.
The brown ugly thing is almost dead.
The flame wave engulfs the water moccasin!
The water moccasin is severely wounded.
You feel sick. The water moccasin bites you.
The brown ugly thing trunk-slaps you!
* * * LOW HITPOINT WARNING * * *
You are splashed with acid!
* * * LOW HITPOINT WARNING * * *
The water moccasin misses you.
A wave of flame ripples out!
The flame wave engulfs the brown ugly thing.
The brown ugly thing is almost dead.
The flame wave engulfs the water moccasin!
The water moccasin is almost dead.
You finish channelling waves of flame.
You die...

#........+...#.........#
#........#...#......<..#
########.#...#......รท.##
# #'##.<##......## .#
#.##..##......# #.
#.............# [#
#............##+##[#
###............#8..#โˆ†
..........@u.).)...#โˆ†
###.......S....##'##)#
####+###......#.8#โˆ†#
#......#..# #...^...##.S
#..#.#...#### #.........#
##.#.#....#


You could see a brown ugly thing and a water moccasin.

Vanquished Creatures
  Sigmund (D:5)
  A water moccasin (D:7)
  3 black bears
  A phantom (D:6)
  A bullfrog (D:7)
  3 scorpions
  A wight (D:7)
  2 howler monkeys (D:5)
  A hound (D:6)
  2 jellies (D:6)
  Jessica (D:3)
  2 sleepcaps (D:6)
  An iguana (D:5)
  4 gnolls (D:5)
  9 adders
  A shadow imp (D:5)
  A white imp (D:6)
  An ufetubus (D:5)
  5 worms
  2 dart slugs (D:3)
  7 orcs
  7 endoplasms
  5 giant cockroaches
  9 goblins
  11 hobgoblins
  6 quokkas
  8 ball pythons
  7 bats
  4 frilled lizards
  4 kobolds
  4 rats
115 creatures vanquished.

Vanquished Creatures (others)
  526 foxfires
526 creatures vanquished.

Grand Total: 641 creatures vanquished

Notes
Turn   | Place    | Note
-------+----------+-------------------------------------------
     0 | D:1      | retardedninja the Gnoll Fire Elementalist began the quest
                  | for the Orb.
     0 | D:1      | Reached XP level 1. HP: 13/13 MP: 6/6
   316 | D:1      | Reached XP level 2. HP: 19/19 MP: 5/7
  1057 | D:1      | Reached skill level 5 in Spellcasting
  1057 | D:1      | Reached XP level 3. HP: 25/25 MP: 5/9
  1329 | D:1      | Found Zaatusul's Weapon Shop.
  1529 | D:2      | Learned a level 2 spell: Scorch
  1535 | D:2      | Noticed a scorpion
  1542 | D:2      | Killed a scorpion
  1543 | D:2      | Reached skill level 1 in Fighting
  1543 | D:2      | Reached skill level 1 in Short Blades
  1543 | D:2      | Reached skill level 1 in Long Blades
  1543 | D:2      | Reached skill level 1 in Axes
  1543 | D:2      | Reached skill level 1 in Maces & Flails
  1543 | D:2      | Reached skill level 1 in Polearms
  1543 | D:2      | Reached skill level 1 in Staves
  1543 | D:2      | Reached skill level 1 in Ranged Weapons
  1543 | D:2      | Reached skill level 1 in Throwing
  1543 | D:2      | Reached skill level 1 in Armour
  1543 | D:2      | Reached skill level 1 in Shields
  1543 | D:2      | Reached skill level 1 in Unarmed Combat
  1543 | D:2      | Reached skill level 1 in Hexes
  1543 | D:2      | Reached skill level 1 in Summonings
  1543 | D:2      | Reached skill level 1 in Necromancy
  1543 | D:2      | Reached skill level 1 in Translocations
  1543 | D:2      | Reached skill level 1 in Transmutations
  1543 | D:2      | Reached skill level 1 in Ice Magic
  1543 | D:2      | Reached skill level 1 in Air Magic
  1543 | D:2      | Reached skill level 1 in Earth Magic
  1543 | D:2      | Reached skill level 1 in Poison Magic
  1543 | D:2      | Reached skill level 1 in Invocations
  1543 | D:2      | Reached skill level 1 in Evocations
  1543 | D:2      | Reached XP level 4. HP: 32/32 MP: 4/11
  2529 | D:3      | Reached XP level 5. HP: 37/37 MP: 8/12
  2737 | D:3      | Noticed Jessica
  2743 | D:3      | Killed Jessica
  3768 | D:4      | Noticed a black bear
  3776 | D:4      | Killed a black bear
  3777 | D:4      | Reached skill level 5 in Dodging
  3777 | D:4      | Reached XP level 6. HP: 41/44 MP: 3/14
  4428 | D:4      | Found an ornate altar of the Wu Jian Council.
  4838 | D:5      | Entered Level 5 of the Dungeon
  4928 | D:5      | Noticed Sigmund
  4980 | D:5      | Killed Sigmund
  4981 | D:5      | Reached XP level 7. HP: 41/51 MP: 6/15
  5076 | D:5      | Found a staircase to the Ecumenical Temple.
  5085 | Temple   | Entered the Ecumenical Temple
  5149 | Temple   | Became a worshipper of Cheibriados the Contemplative
  5237 | D:5      | Reached skill level 5 in Stealth
  5247 | D:5      | Learned a level 4 spell: Flame Wave
  5251 | D:5      | Learned a level 3 spell: Inner Flame
  5782 | D:5      | Found a glowing golden altar of the Shining One.
  5782 | D:5      | Noticed an angel
  5793 | D:5      | Found a basalt altar of Yredelemnul.
  5846 | D:5      | Reached XP level 8. HP: 58/58 MP: 10/16
  5902 | D:5      | Found an iron altar of Okawaru.
  5933 | D:5      | Found Soybbame's Magic Scroll Boutique.
  6942 | D:6      | Reached * piety under Cheibriados
  7548 | D:7      | Found a radiant altar of Vehumet.
  7688 | D:7      | Noticed a brown ugly thing
  7716 | D:7      | HP: 2/60 [acid (8)]
  7717 | D:7      | Succumbed to a water moccasin's poison

Illustrated notes

Levels and vault maps discovered:
D:1:      scummos_arrival_forest, layout_loops_ring, serial_shops, shop
D:2:      layout_loops_ring
D:3:      layout_rooms, serial_glass, glass_columns_a, glass_columns_b,
          minmay_misc_feat_room, dreamdust_princess_corridor,
          grunt_decor_arrowhead, uniq_jessica
D:4:      layout_loops_ring, lemuel_coloured_pillars_altar,
          kennysheep_generic_room_12
D:5:      layout_basic, grunt_temple_overflow_holy_war, lemuel_round_altar,
          lemuel_temple_firewalk_b, serial_shops, nicolae_shop_statue_plus,
          minmay_door_square, eino_tiny_chamber, uniq_sigmund
D:6:      layout_rooms, minivault_1
D:7:      minmay_chambers_of_sixes, layout_gridville, kennysheep_mini_moat,
          serial_co_window_serial, co_window_paths_a,
          co_window_of_opportunity_a, co_window_of_opportunity_a,
          co_window_cross_1, co_window_corner_a, co_window_of_opportunity_c,
          co_window_of_opportunity_c, co_window_broadway_b, glass_columns_c,
          glass_columns_a, glass_columns_a, glass_columns_a
Temple:   zaba_magenta_temple

Skill      XL: |  1  2  3  4  5  6  7  8 |
---------------+-------------------------+-----
Conjurations   | 2 3 |  3.7
Spellcasting   | 5 6 |  6.2
Fighting       | 1 2 3 |  3.6
Short Blades   | 1 2 3 |  3.6
Long Blades    | 1 2 3 |  3.6
Axes           | 1 2 3 |  3.6
Maces & Flails | 1 2 3 |  3.6
Polearms       | 1 2 3 |  3.6
Staves         | 1 2 3 |  3.6
Ranged Weapons | 1 2 3 |  3.6
Throwing       | 1 2 3 |  3.6
Armour         | 1 2 3 |  3.6
Shields        | 1 2 3 |  3.6
Unarmed Combat | 1 2 3 |  3.6
Hexes          | 1 2 3 |  3.0
Summonings     | 1 2 3 |  3.0
Necromancy     | 1 2 3 |  3.0
Translocations | 1 2 3 |  3.0
Transmutations | 1 2 3 |  3.0
Ice Magic      | 1 2 3 |  3.0
Air Magic      | 1 2 3 |  3.0
Earth Magic    | 1 2 3 |  3.0
Poison Magic   | 1 2 3 |  3.0
Invocations    | 1 2 3 4 |  4.0
Evocations     | 1 2 3 |  3.6
Dodging        | 5 |  5.9
Stealth        | 5 |  5.6
Fire Magic     | 6 |  6.3

Action                     |  1- 3 |  4- 6 |  7- 9 || total
---------------------------+-------+-------+-------++-------
  Melee: Unarmed           |    12 |       |       ||    12
         Punch             |     1 |       |     1 ||     2
         War axe           |       |     4 |    12 ||    16
         Bite              |       |       |     3 ||     3
   Cast: Foxfire           |    82 |   174 |    72 ||   328
         Scorch            |     1 |    15 |    26 ||    42
         Flame Wave        |       |       |     2 ||     2
  Evoke: Wand              |       |     1 |    10 ||    11
    Use: Potion            |     1 |       |     1 ||     2
         Scroll            |       |       |    11 ||    11
 Armour: Robe              |     4 |     7 |    25 ||    36
  Dodge: Dodged            |    33 |    23 |    73 ||   129

Table legend: (Time is in decaauts)
 A = Elapsed time spent in this place.
 B = Non-inter-level travel time spent in this place.
 C = Inter-level travel time spent in this place.
 D = Time resting spent in this place.
 E = Time spent auto-exploring this place.
 F = Levels seen in this place.
 G = Mean time per level.
                   A        B        C        D        E       F      G
               +--------+--------+--------+--------+--------+-----+--------+
         Total |   8154 |   7837 |    317 |    521 |   6030 |   8 | 1019.2 |
       Dungeon |   8073 |   7772 |    301 |    521 |   5980 |   7 | 1153.3 |
        Temple |     81 |     66 |     15 |      0 |     50 |   1 |   81.0 |
               +--------+--------+--------+--------+--------+-----+--------+

Top non-repeatable levels by time:
     D:5: 1765 daAuts
     D:1: 1402 daAuts
     D:3: 1282 daAuts
     D:6: 1174 daAuts
     D:2: 1094 daAuts
     D:4: 1066 daAuts
     D:7: 286 daAuts
  Temple: 81 daAuts
